 Dungeon Crawl Stone Soup version 0.29-a0-206-g4a66f2e2b5 (webtiles) character file.

Game seed: 3702955417170448901

47 Crownlay the Chiller (level 3, 0/25 HPs)
             Began as a Gnoll Ice Elementalist on Feb 23, 2022.
             Slain by a gnoll
             ... wielding a +0 halberd
              (7 damage)
             ... on level 2 of the Dungeon.
             The game lasted 00:01:35 (1568 turns).

Crownlay the Chiller (Gnoll Ice Elementalist)       Turns: 1568, Time: 00:01:36

Health: 0/25       AC:  4    Str:  7    XL:     3   Next: 70%
Magic:  0/9        EV: 13    Int: 16    God:
Gold:   61         SH:  0    Dex: 12    Spells: 5/12 levels left

rFire   . . .      SeeInvis .   e - +0 dagger
rCold   . . .      Faith    .   i - orb {light}
rNeg    . . .      Spirit   .   a - +0 robe
rPois   .          Reflect  .   (no helmet)
rElec   .          Harm     .   j - +0 cloak
rCorr   .          Rampage  .   h - +0 pair of gloves
Will    .....                   (no boots)
Stlth   +.........              (no amulet)
HPRegen 0.08/turn               (no ring)
MPRegen 0.11/turn               (no ring)

@: freezing walls, glowing
A: fangs 1, strong nose, distributed training
a: no special abilities


You were on level 2 of the Dungeon.
You visited 1 branch of the dungeon, and saw 2 of its levels.

You collected 61 gold pieces.

Inventory:

Hand Weapons
 e - a +0 dagger (weapon)
Armour
 a - a +0 robe (worn)
 h - a +0 pair of gloves (worn)
 i - an orb of light (worn)
 j - a +0 cloak (worn)
Jewellery
 k - a +4 ring of slaying
Scrolls
 b - a scroll of holy word {unknown}
 c - a scroll of noise {unknown}
 d - 2 scrolls of identify {unknown}
 g - 2 scrolls of teleportation {unknown}
Potions
 f - a potion of curing {unknown}


   Skills:
 + Level 0.9 Fighting
 + Level 0.9 Short Blades
 + Level 0.9 Long Blades
 + Level 0.9 Axes
 + Level 0.9 Maces & Flails
 + Level 0.9 Polearms
 + Level 0.9 Staves
 + Level 0.9 Slings
 + Level 0.9 Bows
 + Level 0.9 Crossbows
 + Level 0.9 Throwing
 + Level 0.9 Armour
 + Level 4.5 Dodging
 + Level 4.2 Stealth
 + Level 0.9 Shields
 + Level 0.9 Unarmed Combat
 + Level 5.0 Spellcasting
 + Level 0.6 Conjurations
 + Level 0.6 Hexes
 + Level 0.6 Summonings
 + Level 0.6 Necromancy
 + Level 0.6 Translocations
 + Level 0.6 Transmutations
 + Level 0.6 Fire Magic
 + Level 7.1 Ice Magic
 + Level 0.6 Air Magic
 + Level 0.6 Earth Magic
 + Level 0.6 Poison Magic
 + Level 1.0 Invocations
 + Level 0.9 Evocations


You had 5 spell levels left.
You knew the following spells:

 Your Spells              Type           Power      Damage    Failure   Level
a - Freeze                Ice            100%       1d11      1%          1
b - Frozen Ramparts       Ice            52%        1d7       2%          3
c - Ozocubu's Armour      Ice            26%        N/A       2%          3

Your spell library contained the following spells:

 Spells                   Type           Power      Damage    Failure   Level
 Hailstorm                Conj/Ice       16%        3d6       30%         4


Dungeon Overview and Level Annotations

Branches:
Dungeon (2/15)

Altars:


Innate Abilities, Weirdness & Mutations

You have very sharp teeth.
Your uncanny sense of smell can sniff out nearby items.
Your experience applies equally to all skills.


Message History

The bat barely misses you. The gnoll closely misses you.
You hit the bat. Your bite misses the bat.
The bat is heavily wounded.
The bat hits you but does no damage.
The gnoll throws a throwing net.
The throwing net barely misses you.
A gnoll comes into view. It is wielding a +0 spear.
You barely miss the bat.
The gnoll shouts!
You bite the bat, but do no damage.
The bat is moderately wounded.
The bat hits you but does no damage. The gnoll closely misses you.
Your icy armour and frozen ramparts will break if you move.
Continue?
Your icy armour cracks and falls away as you move.
The frozen ramparts melt away as you move.
The bat hits you but does no damage. The gnoll closely misses you.
Casting: Ozocubu's Armour (dangerous; 2% risk of failure)
Confirm with . or Enter, or press ? or * to list all spells.
Casting: Frozen Ramparts (dangerous; 2% risk of failure)
Press: ? - help, Dir - look around, f - activate This square is lit by a halo.
The walls around you are covered in ice.
The bat hits you but does no damage.
The wall freezes the gnoll.
The gnoll hits you from afar with a +0 spear.
The gnoll hits you with a +0 halberd!
You barely miss the gnoll.
The gnoll is heavily wounded.
The bat hits you but does no damage.
The wall freezes the gnoll.
The gnoll hits you from afar with a +0 spear.
The gnoll hits you with a +0 halberd.
* * * LOW HITPOINT WARNING * * *
Casting: Frozen Ramparts (dangerous; 2% risk of failure)
Confirm with . or Enter, or press ? or * to list all spells.
Aiming: Freeze (safe; 1% risk of failure)
Press: ? - help, Shift-Dir - straight line, f - gnoll
Aim: a gnoll, wielding a +0 halberd (heavily wounded, haloed)
You freeze the gnoll.
The gnoll is severely wounded.
The wall freezes the gnoll.
The gnoll closely misses you. The gnoll hits you with a +0 halberd!
You die...

#.# #.#
#.#################.#
#.....(....##.......#
#####......##.#####.#
#......##+#####.######
#.....................
#.....................
#....bg...............
#...(@>)..............
#####+#g..............
................
..g.#######..[...
.....# #...... ....g.#
####### #.....$#
#...<...


You could see 2 gnolls and a bat.

Vanquished Creatures
  2 gnolls (D:2)
  4 ball pythons (D:1)
  4 bats
  3 endoplasms
  2 giant cockroaches
  2 goblins
  3 hobgoblins (D:1)
  2 quokkas (D:1)
  A frilled lizard (D:1)
  A kobold (D:1)
  2 rats (D:1)
26 creatures vanquished.

Notes
Turn   | Place    | Note
-------+----------+-------------------------------------------
     0 | D:1      | Crownlay the Gnoll Ice Elementalist began the quest for the
                  | Orb.
     0 | D:1      | Reached XP level 1. HP: 13/13 MP: 6/6
   232 | D:1      | Reached XP level 2. HP: 17/19 MP: 5/7
  1287 | D:2      | Reached XP level 3. HP: 25/25 MP: 7/9
  1291 | D:2      | Learned a level 3 spell: Frozen Ramparts
  1295 | D:2      | Learned a level 3 spell: Ozocubu's Armour
  1362 | D:2      | Reached skill level 5 in Spellcasting
  1561 | D:2      | Reached skill level 1 in Invocations
  1568 | D:2      | Slain by a gnoll

Illustrated notes

Levels and vault maps discovered:
D:1:      nicolae_arrival_somewhat_less_tricky_arrival, layout_basic
D:2:      layout_basic

Skill      XL: |  1  2  3 |
---------------+----------+-----
Spellcasting   | 5 |  5.0
Invocations    | 1 |  1.0
Fighting       | |  0.9
Short Blades   | |  0.9
Long Blades    | |  0.9
Axes           | |  0.9
Maces & Flails | |  0.9
Polearms       | |  0.9
Staves         | |  0.9
Slings         | |  0.9
Bows           | |  0.9
Crossbows      | |  0.9
Throwing       | |  0.9
Armour         | |  0.9
Dodging        | |  4.5
Stealth        | |  4.2
Shields        | |  0.9
Unarmed Combat | |  0.9
Conjurations   | |  0.6
Hexes          | |  0.6
Summonings     | |  0.6
Necromancy     | |  0.6
Translocations | |  0.6
Transmutations | |  0.6
Fire Magic     | |  0.6
Ice Magic      | |  7.1
Air Magic      | |  0.6
Earth Magic    | |  0.6
Poison Magic   | |  0.6
Evocations     | |  0.9

Action                   || total
-------------------------++-------
Melee: Unarmed           ||     3
       Dagger            ||    15
       Bite              ||     1
 Cast: Freeze            ||    25
       Frozen Ramparts   ||     2
       Ozocubu's Armour  ||     1
Armor: Robe              ||    13
Dodge: Dodged            ||    40

Table legend: (Time is in decaauts)
 A = Elapsed time spent in this place.
 B = Non-inter-level travel time spent in this place.
 C = Inter-level travel time spent in this place.
 D = Time resting spent in this place.
 E = Time spent auto-exploring this place.
 F = Levels seen in this place.
 G = Mean time per level.
                   A        B        C        D        E       F      G
               +--------+--------+--------+--------+--------+-----+--------+
         Total |   1567 |   1539 |     28 |      0 |   1338 |   2 |  783.5 |
       Dungeon |   1567 |   1539 |     28 |      0 |   1338 |   2 |  783.5 |
               +--------+--------+--------+--------+--------+-----+--------+

Top non-repeatable levels by time:
     D:1: 1252 daAuts
     D:2: 314 daAuts
